 Dungeon Crawl Stone Soup version 0.15-a0-1387-gd422dff (webtiles) character file.

179 Amnekian the Cudgeler (level 5, 0/54 HPs)
             Began as an Ogre Fighter on June 9, 2014.
             Slain by an iguana (7 damage)
             ... on Level 5 of the Dungeon on June 10, 2014.
             The game lasted 00:22:39 (3177 turns).

Amnekian the Cudgeler (Ogre Fighter)                Turns: 3177, Time: 00:22:39

HP   0/54        AC  3     Str 21      XL: 5   Next: 59%
MP   5/5         EV  8     Int  7      God:
Gold 172         SH  8     Dex 10      Spells:  0 memorised,  4 levels left

rFire  . . .     SeeInvis .     t - +0 whip
rCold  . . .     Clarity  .     b - +0 robe
rNeg   . . .     rCorr    .     c - +0 shield
rPois  .         rRot     .     (helmet restricted)
rElec  .         Spirit   .     (no cloak)
SustAb .         Warding  .     (gloves unavailable)
rMut   .         Stasis   .     (boots unavailable)
Gourm  .                        (no amulet)
MR     .....                    (no ring)
                                (no ring)

@: not resistant to hostile enchantments, very unstealthy
A: unfitting armour, tough skin 1
a: no special abilities


You were on level 5 of the Dungeon.
You were hungry.

You visited 1 branch of the dungeon, and saw 5 of its levels.

You collected 172 gold pieces.

Inventory:

Hand weapons
 a - a +0,+0 flail
 o - a +0 blowgun
 t - a +0,+0 whip (weapon)
Missiles
 e - 36 stones (quivered)
 l - 22 poisoned needles
Armour
 b - a +0 robe (worn)
 c - a +0 shield (worn)
Comestibles
 d - 4 meat rations
 k - 3 bread rations
 p - a slice of pizza
 q - a royal jelly
 z - a rotting chunk of goblin flesh
 A - a chunk of orc flesh
Scrolls
 f - 2 scrolls of teleportation {unknown}
 g - a scroll of enchant weapon II
 h - 2 scrolls of identify
 j - a scroll of enchant armour {unknown}
 n - 5 scrolls of remove curse {unknown}
 s - a scroll of random uselessness {unknown}
 u - a scroll of magic mapping {unknown}
Jewellery
 r - an uncursed amulet of warding {unknown}
 w - an uncursed ring of poison resistance {unknown}


   Skills:
 - Level 4.0 Fighting
 + Level 7.4 Maces & Flails
 - Level 2.6 Dodging
 - Level 2.6 Shields


You had 4 spell levels left.
You didn't know any spells.

Dungeon Overview and Level Annotations

Branches:
Dungeon (5/15)
 Temple: D:4-7

Altars:
Dithmenos

Annotations:
D:3 Natasha
D:4 runewalsh's ghost, average OpIE


Innate Abilities, Weirdness & Mutations

You are too large for most types of armour.
You have tough skin (AC +1).


Message History

It is a scroll of identify.
Identify which item? (\ to view known items) (? for menu, Esc to quit)
g - a scroll of enchant weapon II You block the iguana's attack.
The black bear zombie bites you.
* * * LOW HITPOINT WARNING * * *
The black bear zombie claws you.
* * * LOW HITPOINT WARNING * * *
The black bear zombie claws you.
* * * LOW HITPOINT WARNING * * *
Read which item? (? for menu, Esc to quit)
Okay, then.
Found a quarterstaff.
Found a stone staircase leading up.
The iguana hisses menacingly.
You block the iguana's attack.
Found a stone staircase leading up.
Found a bronze ring.
The iguana hisses menacingly.
There is a stone staircase leading up here.
The iguana bites you!
You die...

....###.....#
......#......#
.......).....##
...............#
...............##
...≈≈§..........#####
...≈≈≈..............#
....≈≈≈.......Z.....#
............≈5≈l@..##
............≈≈≈.....#
.......?....≈≈≈.........
........................
........................
§.....<%..........=....
≈.....................
§..............?$....
......................


You could see an iguana, a crimson imp and a black bear zombie.

Vanquished Creatures
  A scorpion (D:4)
  2 adders
  A giant mite (D:3)
  5 worms
  2 giant geckos
  8 orcs
  A giant cockroach (D:2)
  6 goblins
  8 hobgoblins
  5 jackals (D:2)
  A quokka (D:2)
  8 bats
  6 giant newts
  6 kobolds
  9 rats
69 creatures vanquished.

Notes
Turn   | Place    | Note
--------------------------------------------------------------
     0 | D:1      | Amnekian, the Ogre Fighter, began the quest for the Orb.
     0 | D:1      | Reached XP level 1. HP: 24/24 MP: 1/1
   182 | D:1      | Reached XP level 2. HP: 29/32 MP: 2/2
   677 | D:2      | Reached XP level 3. HP: 39/39 MP: 3/3
  1072 | D:2      | Reached skill level 5 in Maces & Flails
  1204 | D:2      | Reached XP level 4. HP: 13/48 MP: 4/4
  1539 | D:2      | Upgraded the game from 0.15-a0-1363-g87d8b17 to 0.15-a0-1387-gd422dff
  1951 | D:3      | Reached skill level 6 in Maces & Flails
  2076 | D:3      | Noticed Natasha
  2725 | D:4      | Reached XP level 5. HP: 52/54 MP: 5/5
  2756 | D:4      | Noticed an ogre
  2811 | D:4      | Found a shadowy altar of Dithmenos.
  2883 | D:4      | Reached skill level 7 in Maces & Flails
  3055 | D:4      | Noticed runewalsh's ghost (average OpIE)
  3061 | D:5      | Entered Level 5 of the Dungeon
  3144 | D:5      | Gained mutation: You occasionally shout uncontrollably at your foes. [potion of mutation]
  3144 | D:5      | Gained mutation: You can spit poison. [potion of mutation]
  3144 | D:5      | Gained mutation: You possess an exceptional clarity of mind. [potion of mutation]
  3148 | D:5      | Lost mutation: You possess an exceptional clarity of mind. [potion of cure mutation]
  3148 | D:5      | Lost mutation: You occasionally shout uncontrollably at your foes. [potion of cure mutation]
  3148 | D:5      | Lost mutation: You can spit poison. [potion of cure mutation]
  3177 | D:5      | Slain by an iguana

Action                   |  1- 3 |  4- 6 || total
-------------------------+-------+-------++-------
Melee: Flail             |   119 |   131 ||   250
       Whip              |       |    48 ||    48
Throw: Stone             |       |     9 ||     9
  Use: Potion            |     1 |     4 ||     5
       Scroll            |       |     1 ||     1
